 Dungeon Crawl Stone Soup version 0.24-a0-693-g39a19ac0f1 (webtiles) character file.

Game seed: 5516899107478294177, levelgen mode: deterministic

3399 Kairok the Covert (level 10, -1/50 HPs)
             Began as a Vine Stalker Assassin on Sept 28, 2019.
             Was a Follower of Okawaru.
             Slain by a hornet (6 damage)
             ... on level 8 of the Dungeon.
             The game lasted 00:12:16 (6782 turns).

Kairok the Covert (Vine Stalker Assassin)           Turns: 6782, Time: 00:12:17

Health: -1/50      AC:  9    Str: 13    XL:     10   Next: 4%
Magic:  0/11       EV: 12    Int: 11    God:    Okawaru [*.....]
Gold:   444        SH:  0    Dex: 20    Spells: 9/9 levels left

rFire    . . .     SeeInvis +   k - +3 dagger
rCold    . . .     Gourm    .   (no shield)
rNeg     . . .     Faith    .   L - +0 scale mail
rPois    .         Spirit   +   (no helmet)
rElec    .         Reflect  .   c - +1 cloak
rCorr    .         Harm     .   (no gloves)
MR       +....                  (no boots)
Stlth    +++.......             g - amulet of regeneration
HPRegen  0.96/turn              f - ring of see invisible
MPRegen  0.12/turn              F - ring of wizardry

@: slowed, very slow
A: fangs 3, regeneration 1, magic shield, antimagic bite, no potion heal 3, rot
immunity
a: Heroism, Renounce Religion


You were on level 8 of the Dungeon.
You worshipped Okawaru.
Okawaru was aware of your devotion.
You were very hungry.

You visited 2 branches of the dungeon, and saw 9 of its levels.

You collected 444 gold pieces.

Inventory:

Hand Weapons
 a - a +2 dagger
 k - a +3 dagger (weapon)
Missiles
 d - 22 poisoned darts (quivered)
 e - 2 curare-tipped darts
 H - 7 atropa-tipped darts
Armour
 c - a +1 cloak (worn)
 i - a +0 leather armour
 t - a +0 ring mail
 L - a +0 scale mail (worn)
Jewellery
 f - a ring of see invisible (left hand)
 g - an amulet of regeneration (around neck)
 r - an uncursed ring of flight
 B - a +3 ring of intelligence
 F - a ring of wizardry (right hand)
Wands
 w - a wand of flame (23)
Scrolls
 b - a scroll of blinking
 m - a scroll of remove curse
 n - 2 scrolls of amnesia {unknown}
 o - 2 scrolls of enchant armour
 q - 4 scrolls of fog
 u - 5 scrolls of identify
 v - 3 scrolls of enchant weapon {unknown}
 x - 3 scrolls of teleportation {unknown}
 y - a scroll of immolation {unknown}
 E - a scroll of magic mapping
Potions
 h - 4 potions of curing
 j - a potion of agility
 l - a potion of flight
 p - 2 potions of haste
 s - a potion of resistance
 z - 2 potions of degeneration {unknown}
 A - 2 potions of heal wounds {unknown}
 C - a potion of might {unknown}
 G - 3 potions of brilliance {unknown}
 I - a potion of magic {unknown}
 J - a potion of lignification
 K - a potion of mutation {unknown}
Comestibles
 D - 16 rations


   Skills:
 + Level 4.2 Fighting
 + Level 5.7 Short Blades
 + Level 4.2 Throwing
 + Level 6.3 Armour
 + Level 4.5 Dodging
 + Level 8.6 Stealth
 + Level 0.1 Evocations


You had 9 spell levels left.
You didn't know any spells.
Your spell library contained the following spells:

 Spells                   Type           Power        Failure   Level  Hunger
 Animate Skeleton         Necr           N/A          45%         1    ##.....
 Apportation              Tloc           #.....       45%         1    ##.....
 Confusing Touch          Hex            #.....       45%         1    ##.....
 Shock                    Conj/Air       #...         45%         1    ##.....
 Summon Small Mammal      Summ           #...         45%         1    ##.....
 Call Imp                 Summ           #.......     61%         2    ###....
 Swiftness                Chrm/Air       #.......     61%         2    ###....
 Call Canine Familiar     Summ           #.......     82%         3    ####...
 Static Discharge         Conj/Air       #.......     82%         3    ####...
 Summon Guardian Golem    Hex/Summ       #.......     82%         3    ####...
 Airstrike                Air            #.........   99%         4    #####..
 Cause Fear               Hex            #.........   99%         4    #####..
 Summon Ice Beast         Ice/Summ       #.......     99%         4    #####..
 Summon Lightning Spire   Summ/Air       #.......     99%         4    #####..
 Lightning Bolt           Conj/Air       #.........   100%        5    ######.
 Silence                  Hex/Air        #.........   100%        5    ######.
 Yara's Violent Unravell  Hex/Tmut       #.........   100%        5    ######.
 Deflect Missiles         Chrm/Air       #.........   100%        6    #######
 Discord                  Hex            #.........   100%        8    #######


Dungeon Overview and Level Annotations

Branches:
Dungeon (8/15)             Temple (1/1) D:6
   Lair: D:8-11

Altars:
Ashenzari
Cheibriados
Dithmenos
Elyvilon
Fedhas
Gozag
Makhleb
Nemelex Xobeh
Okawaru
Ru
Sif Muna
Trog
Uskayaw
Vehumet
Wu Jian
Xom
Yredelemnul
Zin
The Shining One

Shops:
D:7 :}(

Annotations:
D:4 Sigmund
D:7 3 runed translucent doors, releu's ghost, novice HOFi


Innate Abilities, Weirdness & Mutations

You have razor-sharp teeth.
Your natural rate of healing is unusually fast.
When hurt, damage is shared between your health and your magic reserves.
Your bite disrupts and absorbs the magic of your enemies.
Potions cannot restore your health.
You are immune to rotting.


Message History

You feel sick.
The hornet stings you but does no damage. x2
The leopard gecko closely misses you. The hornet misses you.
You feel sick.
The leopard gecko bites you but does no damage.
The hornet misses you.
The leopard gecko completely misses you.
You feel sick.
The hornet stings you but does no damage.
Your system rejects the healing.
You feel better. The hornet stings you.
* * * LOW HITPOINT WARNING * * *
You feel as though you will be slow longer.
The hornet stings you.
* * * LOW HITPOINT WARNING * * *
You feel as though you will be slow longer.
As you read the scroll labeled NITHOO JUUGGUY, it crumbles to dust.
The scroll dissolves into smoke.
It was a scroll of fog.
The hornet barely misses you. The hornet closely misses you.
The hornet stings you!
You die...

### ## #.. ..# #§#
#.# #§# #.# #@# #.#
## #y# #######.##.#
#§####.........#
#l§...........##
#..###.#####.##
#..###.#####..#
..............#.#
.###.###.##.#####.#
.. ..# #.##.# .#


You could see a hornet.

Vanquished Creatures
  A two-headed ogre (D:8)
  A hornet (D:8)
  A hippogriff (D:8)
  Prince Ribbit (D:7)
  Eustachio (D:6)
  A hungry ghost (D:7)
  2 orc warriors (D:5)
  An ice beast (D:5)
  A phantom (D:5)
  A sky beast (D:8)
  3 ogres
  3 centaurs
  2 bullfrogs
  2 scorpions
  2 howler monkeys (D:4)
  3 crimson imps
  2 hounds (D:5)
  A centaur zombie (D:7)
  Crazy Yiuf (D:6)
  An orc priest (D:6)
  A jelly (D:7)
  2 centaur skeletons
  2 iguanas
  3 worker ants
  3 orc wizards
  A hound skeleton (D:6)
  3 gnolls (D:2)
  6 adders
  2 shadow imps (D:7)
  An ooze (D:5)
  An adder skeleton (D:5)
  4 worms
  2 dart slugs
  3 leopard geckos
  19 orcs
  4 giant cockroaches
  10 goblins
  2 hobgoblins (D:1)
  6 jackals
  2 quokkas
  2 ball pythons
  10 bats
  3 frilled lizards
  3 kobolds
  2 leopard gecko zombies (D:7)
  6 rats
134 creatures vanquished.

Notes
Turn   | Place    | Note
-------+----------+-------------------------------------------
     0 | D:1      | Kairok the Vine Stalker Assassin began the quest for the
                  | Orb.
     0 | D:1      | Reached XP level 1. HP: 11/11 MP: 2/2
    50 | D:1      | Reached skill level 5 in Stealth
   188 | D:1      | Reached XP level 2. HP: 4/15 MP: 1/3
   717 | D:1      | Reached skill level 1 in Dodging
  1219 | D:2      | Reached XP level 3. HP: 13/18 MP: 2/4
  1242 | D:2      | Found a basalt altar of Yredelemnul.
  1762 | D:2      | Gained mutation: Your natural rate of healing is unusually
                  | fast. [Vine Stalker growth]
  1762 | D:2      | Reached XP level 4. HP: 13/23 MP: 2/5
  1853 | D:2      | Found a glowing golden altar of the Shining One.
  2142 | D:3      | Reached XP level 5. HP: 21/26 MP: 4/6
  2278 | D:3      | Reached skill level 6 in Stealth
  2290 | D:3      | Found a blossoming altar of Fedhas.
  2444 | D:4      | Reached skill level 1 in Armour
  2546 | D:4      | Reached XP level 6. HP: 28/31 MP: 5/7
  2809 | D:4      | Found a shadowy altar of Dithmenos.
  2815 | D:4      | Noticed Sigmund
  2861 | D:3      | HP: 2/48 [worker ant (3)]
  3082 | D:4      | Reached XP level 7. HP: 35/35 MP: 8/8
  3113 | D:4      | Found an ornate altar of the Wu Jian Council.
  3123 | D:5      | Entered Level 5 of the Dungeon
  3356 | D:5      | Reached skill level 7 in Stealth
  3628 | D:5      | Gained mutation: You have razor-sharp teeth. [Vine Stalker
                  | growth]
  3628 | D:5      | Reached XP level 8. HP: 27/40 MP: 7/9
  3785 | D:5      | Found a sacrificial altar of Ru.
  4545 | D:6      | Found a snail-covered altar of Cheibriados.
  4645 | D:6      | Found a runed translucent door.
  4646 | D:6      | Noticed Crazy Yiuf
  4833 | D:6      | Noticed Eustachio
  4873 | D:6      | Killed Eustachio
  5324 | D:6      | Reached XP level 9. HP: 43/44 MP: 8/10
  5368 | D:6      | Found a staircase to the Ecumenical Temple.
  5533 | Temple   | Entered the Ecumenical Temple
  5597 | Temple   | Became a worshipper of Warmaster Okawaru
  5687 | D:6      | Killed Crazy Yiuf
  5755 | D:7      | Noticed Prince Ribbit
  5767 | D:7      | Killed Prince Ribbit
  5767 | D:7      | Reached skill level 5 in Short Blades
  5777 | D:7      | Found a runed translucent gate.
  5777 | D:7      | Found a runed translucent gate.
  5777 | D:7      | Found a runed translucent gate.
  5811 | D:7      | Noticed releu's ghost (novice HOFi)
  5871 | D:7      | Found Netz's Gadget Emporium.
  6053 | D:7      | Reached skill level 5 in Armour
  6141 | D:7      | Found Fofaulot's Antique Weapon Shop.
  6231 | D:7      | Found Weigikee's Book Shoppe.
  6405 | D:8      | Noticed a two-headed ogre
  6540 | D:8      | Killed a two-headed ogre
  6540 | D:8      | Reached * piety under Okawaru
  6540 | D:8      | Reached skill level 8 in Stealth
  6691 | D:8      | Noticed a hornet
  6705 | D:8      | Killed a hornet
  6705 | D:8      | Reached XP level 10. HP: 50/50 MP: 11/11
  6780 | D:8      | HP: 2/50 [hornet (4)]
  6782 | D:8      | Slain by a hornet

Levels and vault maps discovered:
D:1:      wander_arrival_lonely_grave, layout_loops_corners, minmay_hedge_maze
D:2:      layout_basic, overflow_temple_1_default, overflow_temple_1_default,
          eino_tiny_chamber
D:3:      layout_basic, nicolae_overflow_crystal_walls,
          corexii_item_surrounded_by_moat
D:4:      layout_gridville, kennysheep_mini_moat,
          nicolae_dithmenos_the_darkroom, uniq_sigmund
D:5:      minmay_evil_eye, layout_basic, first_ration, nicolae_ru_path_of_blood
D:6:      layout_gridville, cheibriados_altar_1, minmay_temple_entry_waves,
          uniq_crazy_yiuf_cottage, uniq_eustachio
D:7:      layout_basic, gammafunk_ghost_icy, serial_shops, shop,
          nicolae_shop_behind_doors, shop, uniq_prince_ribbit1
D:8:      kennysheep_six_static_rooms, layout_loops_ring, enter_bailey_2
Temple:   regret_index_temple_waves

Skill      XL: |  1  2  3  4  5  6  7  8  9 |
---------------+----------------------------+-----
Stealth        | 5 6 7 8 |  8.6
Short Blades   | 2 3 4 5 |  5.7
Dodging        | 1 2 3 4 |  4.5
Fighting       | 2 3 4 |  4.2
Armour         | 1 2 4 6 |  6.3
Throwing       | 2 3 4 |  4.2
Evocations     | |  0.1

Action                   |  1- 3 |  4- 6 |  7- 9 | 10-12 || total
-------------------------+-------+-------+-------+-------++-------
Melee: Dagger            |   125 |   135 |   341 |    15 ||   616
       Bite              |    30 |    34 |   118 |     4 ||   186
Throw: Dart              |       |    16 |    35 |       ||    51
Evoke: Wand              |       |       |     1 |       ||     1
  Use: Scroll            |     4 |     3 |     1 |     1 ||     9
       Potion            |       |     3 |       |     1 ||     4
 Stab: Sleeping          |     3 |    11 |    11 |     1 ||    26
  Eat: Chunk             |     2 |     4 |    11 |       ||    17
       Ration            |       |       |     1 |       ||     1
Armor: Robe              |    32 |       |       |       ||    32
       Leather armour    |    11 |    28 |    13 |       ||    52
       Skin              |       |     1 |       |       ||     1
       Ring mail         |       |       |    55 |       ||    55
       Scale mail        |       |       |    20 |    11 ||    31
Dodge: Dodged            |    80 |    72 |   230 |    20 ||   402

Table legend:
 A = Non-vault XP
 B = Vault XP
 C = Vault XP percentage of total XP
 D = Non-vault monster count
 E = Vault monster count
 F = Vault count percentage of total count
                 A         B        C        D         E       F
            +---------+---------+-------+---------+---------+-------
      Total |    4200 |     657 |  13.5 |     128 |       6 |   4.5
            +---------+---------+-------+---------+---------+-------
        D:1 |      22 |       0 |   0.0 |      14 |       0 |   0.0
        D:2 |     112 |       0 |   0.0 |      23 |       0 |   0.0
        D:3 |     112 |       0 |   0.0 |      23 |       0 |   0.0
        D:4 |     439 |       0 |   0.0 |      13 |       0 |   0.0
        D:5 |     849 |     173 |  16.9 |      24 |       3 |  11.1
        D:6 |     495 |     252 |  33.7 |      13 |       2 |  13.3
        D:7 |     678 |     232 |  25.5 |      14 |       1 |   6.7
        D:8 |    1493 |       0 |   0.0 |       4 |       0 |   0.0
            +---------+---------+-------+---------+---------+-------
